 Dungeon Crawl Stone Soup version 0.28-a0-664-gc179e30c89 (webtiles) character file.

Game seed: 5988465191851002261

6 mister155 the Chopper (level 1, 0/20 HPs)
             Began as a Hill Orc Berserker on Oct 16, 2021.
             Was a Follower of Trog.
             Slain by a rat (1 damage)
             ... on level 1 of the Dungeon.
             The game lasted 00:00:33 (120 turns).

mister155 the Chopper (Hill Orc Berserker)           Turns: 120, Time: 00:00:34

Health: 0/20       AC:  2    Str: 19    XL:     1   Next: 90%
Magic:  1/1        EV: 12    Int:  7    God:    Trog [*.....]
Gold:   0          SH:  0    Dex: 10    Spells: 0/0 levels left

rFire   . . .      SeeInvis .   a - +0 hand axe
rCold   . . .      Faith    .   (no shield)
rNeg    . . .      Spirit   .   b - +0 animal skin
rPois   .          Reflect  .   (no helmet)
rElec   .          Harm     .   (no cloak)
rCorr   .          Rampage  .   (no gloves)
Will    .....                   (no boots)
Stlth   +.........              (no amulet)
HPRegen 0.06/turn               (no ring)
MPRegen 0.07/turn               (no ring)

@: no status effects
A: no striking features
a: Renounce Religion, Berserk


You were on level 1 of the Dungeon.
You worshipped Trog.
Trog was aware of your devotion.
You visited 1 branch of the dungeon, and saw 1 of its levels.

Inventory:

Hand Weapons
 a - a +0 hand axe (weapon)
Missiles
 c - 50 arrows
Armour
 b - a +0 animal skin (worn)
 e - a +0 helmet
Scrolls
 d - a scroll of amnesia {unknown}


   Skills:
 + Level 3.8 Fighting
 + Level 4.2 Axes
 + Level 2.3 Armour
 + Level 1.6 Dodging


You couldn't memorise any spells.
You didn't know any spells.
Your spell library was empty.

Dungeon Overview and Level Annotations

Branches:
Dungeon (1/15)

Altars:


Message History

c - 50 arrows (gained 22)
A bat and a hobgoblin come into view.
The hobgoblin shouts!
A rat comes into view.
The bat hits you.
You see here a +0 helmet.
e - a +0 helmet The bat misses you.
The hobgoblin completely misses you. The bat barely misses you.
The bat barely misses you. The hobgoblin barely misses you.
You barely miss the hobgoblin. The bat hits you but does no damage.
The bat closely misses you. The hobgoblin hits you. The bat hits you.
The hobgoblin closely misses you.
You closely miss the bat. You hit the hobgoblin but do no damage.
The bat completely misses you. The hobgoblin barely misses you.
The bat misses you. The hobgoblin hits you.
* * * LOW HITPOINT WARNING * * *
You hit the hobgoblin.
You kill the hobgoblin!
Trog accepts your kill.
You closely miss the bat. The bat barely misses you.
You closely miss the rat. The rat barely misses you.
The bat hits you but does no damage.
You closely miss the rat. You barely miss the bat.
The bat hits you but does no damage. x2; The rat bites you.
* * * LOW HITPOINT WARNING * * *
Unknown command.
You hit the bat.
You kill the bat!
Trog accepts your kill.
You hit the rat but do no damage. The rat closely misses you.
You hit the rat but do no damage. The rat bites you but does no damage.
The rat bites you.
* * * LOW HITPOINT WARNING * * *
You closely miss the rat. The rat bites you.
* * * LOW HITPOINT WARNING * * *
You hit the rat.
The rat is heavily wounded.
The rat bites you.
You die...

....# #..##♣...... .
...# #.## ♣#..... ..
...# #.# ♣..... #...
... ##.# ♣..♣.♣. #..#
#.# #..# ♣...⌠..
#..###.# ##.##
♣..♣.♣. #.....# #..#
♣...... ###.r.###.##
♣......
##.#@.#..#####♣♣.....
#............# ♣♣...♣
#.#....†.)...# ♣♣♣♣
#..#.....>....#
#...#..........#
#..^#..........# #..
#..........#
#..........#
############


You could see a rat.

Vanquished Creatures
  2 bats (D:1)
  An endoplasm (D:1)
  A hobgoblin (D:1)
  A kobold (D:1)
5 creatures vanquished.

Notes
Turn   | Place    | Note
-------+----------+-------------------------------------------
     0 | D:1      | mister155 the Hill Orc Berserker began the quest for the
                  | Orb.
     0 | D:1      | Reached XP level 1. HP: 19/19 MP: 1/1
   119 | D:1      | HP: 1/20 [rat (1)]
   120 | D:1      | Slain by a rat

Illustrated notes

Levels and vault maps discovered:
D:1:      amcnicky_arrival_underground_garden, layout_rooms,
          shapermc_ecumenical_altar_notcrosses

Action                   || total
-------------------------++-------
Melee: Hand axe          ||    15
Armor: Animal skin       ||     8
Dodge: Dodged            ||    20

Table legend: (Time is in decaauts)
 A = Elapsed time spent in this place.
 B = Non-inter-level travel time spent in this place.
 C = Inter-level travel time spent in this place.
 D = Time resting spent in this place.
 E = Time spent auto-exploring this place.
 F = Levels seen in this place.
 G = Mean time per level.
                   A        B        C        D        E       F      G
               +--------+--------+--------+--------+--------+-----+--------+
         Total |    121 |    121 |      0 |      0 |      0 |   1 |  121.0 |
       Dungeon |    121 |    121 |      0 |      0 |      0 |   1 |  121.0 |
               +--------+--------+--------+--------+--------+-----+--------+

Top non-repeatable levels by time:
     D:1: 121 daAuts
